 Dungeon Crawl Stone Soup version 0.22-a0-354-g30dfbe6 (webtiles) character file.

43 Kairos the Skirmisher (level 3, 20/20 HPs)
             Began as a Vine Stalker Fighter on Apr 16, 2018.
             Got out of the dungeon alive.
             The game lasted 00:01:42 (1399 turns).

Kairos the Skirmisher (Vine Stalker Fighter)        Turns: 1399, Time: 00:01:43

Health: 20/20      AC:  7    Str: 18    XL:     3   Next: 58%
Magic:  4/4        EV:  7    Int:  9    God:
Gold:   37         SH:  9    Dex: 13    Spells: 2/2 levels left

rFire    + . .     SeeInvis .   a - +0 war axe
rCold    x . .     Gourm    .   c - +0 shield
rNeg     . . .     Faith    .   b - +1 scale mail
rPois    .         Spirit   +   (no helmet)
rElec    .         Reflect  .   (no cloak)
rCorr    .         Harm     .   (no gloves)
MR       .....                  (no boots)
Stlth    ..........             (no amulet)
HPRegen  0.06/turn              h - ring of fire
MPRegen  0.09/turn              (no ring)

@: no status effects
A: fangs 2, magic shield, antimagic bite, no potion heal 3, rot immunity
a: no special abilities


You escaped.
You were near starving.

You visited 1 branch of the dungeon, and saw 1 of its levels.

You collected 37 gold pieces.

Inventory:

Hand Weapons
 a - a +0 war axe (weapon)
Armour
 b - a +1 scale mail (worn)
 c - a +0 shield (worn)
Jewellery
 h - a ring of fire (left hand)
Scrolls
 i - 3 scrolls of remove curse
Potions
 d - a potion of might
Comestibles
 f - 4 rations


   Skills:
 + Level 3.1 Fighting
 + Level 2.5 Axes
 + Level 2.6 Armour
 + Level 0.4 Dodging
 + Level 2.9 Shields


You had 2 spell levels left.
You didn't know any spells.

Dungeon Overview and Level Annotations

Branches:
Dungeon (1/15)

Altars:


Innate Abilities, Weirdness & Mutations

You have extremely sharp teeth.
When hurt, damage is shared between your health and your magic reserves.
Your bite disrupts and absorbs the magic of your enemies.
Potions cannot restore your health.
You are immune to rotting.


Message History

You are feeling very hungry.
It was a potion of lignification.
You turn into a tree.
Your +1 scale mail melds into your body.
Your roots penetrate the ground.
You start waiting.
You feel yourself speed up.
You start waiting.
Your transformation is almost over.
You start waiting.
You recover from your berserk rage.
You start waiting.
You feel less wooden.
Your +1 scale mail unmelds from your body.
You start waiting.
You start waiting.
You are near starving!
There is an open door here.
There is a staircase leading out of the dungeon here.
Are you sure you want to leave the Dungeon?
This will make you lose the game!
You have escaped!

.#.........# ### #.# #.##......
.#.#...[...# #.###.# #.##......
.#.#.......# #.....# #.##......
...#.......###.#.#.### #.##......
####.......#.........# #.#.......
#########.#.#.#.#.###.###.....
#......#.#...............
##.#.###.###.#.#.########
#......@......########
##.#.###.###.#.#......#
#......#.#.......####.#
####.#.#.#.#.###...##.#
#.........#.....##.#
##############.#.#.###.######.#
..........)..#.....#.....)....###
.###########.#.###.##..##........
.# #.###.......(...######


There were no monsters in sight!

Vanquished Creatures
  An ooze (D:1)
  2 leopard geckos (D:1)
  5 bats (D:1)
  A giant cockroach (D:1)
  6 goblins (D:1)
  2 hobgoblins (D:1)
  10 kobolds (D:1)
  2 frilled lizards (D:1)
  6 rats (D:1)
  A plant (D:1)
36 creatures vanquished.

Notes
Turn   | Place    | Note
-------+----------+-------------------------------------------
     0 | D:1      | Kairos the Vine Stalker Fighter began the quest for the Orb.
     0 | D:1      | Reached XP level 1. HP: 11/11 MP: 2/2
    71 | D:1      | Reached XP level 2. HP: 15/16 MP: 3/3
    72 | D:1      | Reached skill level 3 in Fighting
   224 | D:1      | Reached XP level 3. HP: 10/20 MP: 4/4
  1399 | D:$      | Got out of the dungeon alive.

Vault maps used:
D:1:      roderic_chinese_lattice_arrival, lexackson_kobold_supper

Skill      XL: |  1  2 |
---------------+-------+-----
Fighting       | 3 |  3.1
Axes           | 2 |  2.5
Armour         | |  2.6
Dodging        | |  0.4
Shields        | |  2.9

Action                   || total
-------------------------++-------
Melee: War axe           ||    90
       Bite              ||    28
  Use: Scroll            ||     3
       Potion            ||     3
Armor: Scale mail        ||    42
Dodge: Dodged            ||    29
Block: Shield            ||    54

Table legend:
 A = Spawn XP
 B = Non-spawn XP
 C = Spawn XP percentage of total XP
 D = Spawn monster count
 E = Non-spawn monster count
 F = Spawn count percentage of total count
 G = Total turns spent on level
                    A         B        C        D         E        F      G
               +---------+---------+-------+---------+---------+-------+---------
         Total |       0 |      62 |   0.0 |       0 |      35 |   0.0 |  1399
               +---------+---------+-------+---------+---------+-------+---------
           D:1 |       0 |      62 |   0.0 |       0 |      35 |   0.0 |  1399
               +---------+---------+-------+---------+---------+-------+---------
